 Dungeon Crawl Stone Soup version 0.28-a0-1356-g2ad6d04315 (webtiles) character file.

Game seed: 2545157932021348952

822 frimble the Twirler (level 7, -1/50 HPs)
             Began as a Demonspawn Warper on Dec 31, 2021.
             Slain by an ogre (22 damage)
             ... on level 5 of the Dungeon.
             The game lasted 00:05:00 (4117 turns).

frimble the Twirler (Demonspawn Warper)             Turns: 4117, Time: 00:05:00

Health: -1/50      AC: 13    Str: 11    XL:     7   Next: 63%
Magic:  10/10      EV: 10    Int: 17    God:
Gold:   30         SH:  0    Dex:  7    Spells: 8/10 levels left

rFire   . . .      SeeInvis .   j - +4 quarterstaff of Winutiatuch {vorpal, rN++ Dex-5}
rCold   . . .      Faith    .   (shield currently unavailable)
rNeg    + + +      Spirit   .   o - +3 ring mail
rPois   .          Reflect  .   (no helmet)
rElec   .          Harm     .   (no cloak)
rCorr   .          Rampage  .   (no gloves)
Will    .....                   l - +1 pair of boots {Fly}
Stlth   ..........              (no amulet)
HPRegen 0.16/turn               e - ring of positive energy
MPRegen 0.12/turn               p - ring of wizardry

@: mighty, flying
A: yellow scales 2, powered by pain 1, weakness stinger 1
a: no special abilities


You were on level 5 of the Dungeon.
You visited 1 branch of the dungeon, and saw 5 of its levels.

You collected 159 gold pieces.
You spent 129 gold pieces at shops.

Inventory:

Hand Weapons
 a - a +0 falchion
 j - the +4 quarterstaff of Winutiatuch (weapon) {vorpal, rN++ Dex-5}
   (You found it on level 2 of the Dungeon)

   It inflicts extra damage upon your enemies.
   Dex:       It affects your dexterity (-5).
   rN:        It greatly protects you from negative energy.
Missiles
 d - 5 boomerangs of dispersal (quivered)
 x - 4 boomerangs
 y - a throwing net
Armour
 l - a +1 pair of boots of flying (worn)
 o - a +3 ring mail (worn)
Jewellery
 e - a ring of positive energy (left hand)
 f - a ring of fire
 g - a ring of ice
 p - a ring of wizardry (right hand)
 w - a +4 ring of protection
 C - a ring of wizardry
Wands
 t - a wand of digging (7)
 A - a wand of iceblast (5)
Scrolls
 c - 2 scrolls of blinking
Potions
 b - a potion of might
 i - 2 potions of attraction
 k - 2 potions of curing
 m - 2 potions of heal wounds
 q - a potion of mutation
 r - a potion of haste
 s - a potion of degeneration {unknown}
 u - a potion of lignification {unknown}
 v - a potion of ambrosia {unknown}
 B - a potion of flight {unknown}
 G - a potion of invisibility {unknown}


   Skills:
 - Level 2.1 Fighting
 - Level 2.3 Long Blades
 + Level 5.8 Staves
 - Level 1.1 Throwing
 - Level 1.1 Armour
 - Level 2.4 Dodging
 - Level 2.1 Spellcasting
 + Level 5.0 Translocations


You had 8 spell levels left.
You knew the following spells:

 Your Spells              Type           Power      Damage    Failure   Level
a - Blink                 Tloc           36%        N/A       3%          2

Your spell library contained the following spells:

 Spells                   Type           Power      Damage    Failure   Level
 Gell's Gravitas          Tloc           18%        N/A       7%          3
 Lesser Beckoning         Tloc           18%        N/A       7%          3
 Teleport Other           Tloc           18%        N/A       7%          3
 Manifold Assault         Tloc           18%        N/A       52%         5


Dungeon Overview and Level Annotations

Branches:
Dungeon (5/15)             Temple (0/1) D:4

Altars:
Dithmenos
Trog
Xom
Yredelemnul
The Shining One

Shops:
D:1 *   D:3 (


Innate Abilities, Weirdness & Mutations

You are mostly covered in yellow scales. (AC +3)
You sometimes gain a little power by taking damage.
You have a small tail.


Message History

Found a ring mail and 8 gold pieces.
There is a stone staircase leading up here.
Found a stone staircase leading down.
An iguana comes into view.
The iguana hisses angrily.
As you read the scroll of identify, it crumbles to dust.
b - a potion of might A scorpion comes into view.
As you read the scroll of identify, it crumbles to dust.
k - 2 potions of curing
As you read the scroll of identify, it crumbles to dust.
q - a potion of mutation
As you read the scroll of identify, it crumbles to dust.
r - a potion of haste An ogre comes into view.
It is wielding a +0 giant spiked club.
Unknown command.
You barely miss the scorpion. The scorpion stings you.
You hit the scorpion.
The scorpion is heavily wounded.
The scorpion closely misses you.
You hit the scorpion but do no damage.
The scorpion is heavily wounded.
The scorpion stings you but does no damage.
You hit the scorpion.
You tail-slap the scorpion, but do no damage.
The scorpion is heavily wounded.
The scorpion stings you.
The scorpion stings you but does no damage.
You sock the scorpion!
You kill the scorpion!
Your Translocations skill increases to level 5!
You sock the ogre! You tail-slap the ogre.
The ogre is moderately wounded.
The ogre hits you with a +0 giant spiked club!!
You focus on the pain.
You feel very mighty all of a sudden.
You sock the ogre!
Your tail-slap misses the ogre.
The ogre is severely wounded.
The ogre hits you with a +0 giant spiked club!!
You die...

.............#.
#..............##
#........... ..#
##.....#...###..#
#......#.......#
#......#....#
##.$..##...##
.#.....#.....####
....[...lO@<.......
..##.....#........#
. #......#.........
...###....#.......
.... .>...##......
... .....## .###..
....... .# .
......# .#


You could see an ogre and an iguana.

Vanquished Creatures
  Grinder (D:4)
  Sigmund (D:3)
  A black bear (D:4)
  A necrophage (D:4)
  A scorpion (D:5)
  A bullfrog skeleton (D:4)
  A hound (D:4)
  A centaur skeleton (D:4)
  An orc wizard (D:4)
  2 adders
  4 gnolls (D:4)
  A worm (D:2)
  2 dart slugs
  3 orcs (D:4)
  6 endoplasms
  2 giant cockroaches (D:2)
  9 goblins
  5 hobgoblins
  8 jackals
  3 quokkas
  8 ball pythons
  5 bats
  A frilled lizard (D:4)
  3 kobolds
  8 rats
79 creatures vanquished.

Vanquished Creatures (others)
  A ball python (D:3)
  2 plants (D:4)
3 creatures vanquished.

Grand Total: 82 creatures vanquished

Notes
Turn   | Place    | Note
-------+----------+-------------------------------------------
     0 | D:1      | frimble the Demonspawn Warper began the quest for the Orb.
     0 | D:1      | Reached XP level 1. HP: 16/16 MP: 3/3
   148 | D:1      | Reached skill level 1 in Throwing
   148 | D:1      | Reached skill level 1 in Armour
   211 | D:1      | Gained mutation: You are partially covered in yellow
                  | scales. (AC +2) [demonic ancestry]
   211 | D:1      | Reached XP level 2. HP: 22/22 MP: 5/5
   351 | D:1      | Found Karrot's Assorted Antiques.
   490 | D:2      | Found a faded altar of an unknown god.
  1059 | D:2      | Gained mutation: You are mostly covered in yellow scales.
                  | (AC +3) [demonic ancestry]
  1059 | D:2      | Reached XP level 3. HP: 27/27 MP: 6/6
  1157 | D:2      | Found a basalt altar of Yredelemnul.
  1411 | D:2      | Identified the +4 quarterstaff of Winutiatuch {vorpal, rN++
                  | Dex-5}
  1602 | D:3      | Noticed Sigmund
  2046 | D:3      | Reached skill level 1 in Staves
  2073 | D:3      | Killed Sigmund
  2074 | D:3      | Reached XP level 4. HP: 33/33 MP: 7/7
  2074 | D:3      | Gained mutation: You have a small tail. [demonic ancestry]
  2074 | D:3      | Reached XP level 5. HP: 38/38 MP: 8/8
  2080 | D:3      | Found a shadowy altar of Dithmenos.
  2268 | D:3      | Learned a level 2 spell: Blink
  2327 | D:3      | Found Piggel's Antique Weapon Boutique.
  2548 | D:4      | Noticed a black bear
  2564 | D:4      | Killed a black bear
  2565 | D:4      | Reached XP level 6. HP: 18/44 MP: 9/9
  2861 | D:4      | Found a shimmering altar of Xom.
  2968 | D:4      | Noticed Grinder
  2972 | D:4      | Reached skill level 5 in Staves
  2994 | D:4      | Paralysed by Grinder for 2 turns
  2996 | D:4      | Killed Grinder
  2997 | D:4      | Gained mutation: You sometimes gain a little power by
                  | taking damage. [demonic ancestry]
  2997 | D:4      | Reached XP level 7. HP: 28/50 MP: 10/10
  3481 | D:4      | Found a bloodstained altar of Trog.
  3610 | D:4      | Found a staircase to the Ecumenical Temple.
  3992 | D:1      | Bought a scroll labelled CUGODGH HOPUAD for 27 gold pieces
  3992 | D:1      | Bought a scroll labelled SOESOU ENAEX for 27 gold pieces
  3992 | D:1      | Bought a scroll labelled BOBLOBREVI for 27 gold pieces
  3992 | D:1      | Bought a yellow potion for 24 gold pieces
  3992 | D:1      | Bought a lumpy puce potion for 24 gold pieces
  4098 | D:5      | Entered Level 5 of the Dungeon
  4116 | D:5      | Reached skill level 5 in Translocations
  4117 | D:5      | Slain by an ogre

Illustrated notes

Levels and vault maps discovered:
D:1:      lightli_arrival_statue_moat, layout_rooms, serial_shops,
          nicolae_shop_advertising_works [nicolae_subvault_shop_adworks],
          serial_corexii_hall, corexii_hall_statues_u, corexii_hall_statues_x
D:2:      layout_basic, basic_altar, nicolae_ecumenical_oubliette,
          hangedman_abyss_or_decor_lesser_grid
D:3:      layout_loops_ring, general_overflow_altar, serial_shops, shop,
          lemuel_old_faithful, uniq_sigmund
D:4:      layout_loops_cross, trog_butcher_becter, mainiacjoe_overflow_swirl,
          minmay_temple_entry_butterflies, serial_bayou, serial_bayou_pond_c,
          serial_bayou_pond_a, serial_bayou_lagoon_a, serial_bayou_pond_b,
          uniq_grinder
D:5:      layout_cave_pools, portal_sewer_entry_e

Skill      XL: |  1  2  3  4  5  6  7 |
---------------+----------------------+-----
Throwing       | 1 |  1.1
Armour         | 1 |  1.1
Long Blades    | 2 |  2.3
Dodging        | 2 |  2.4
Staves         | 3 4 5 |  5.8
Translocations | 3 4 5 |  5.0
Fighting       | |  2.1
Spellcasting   | |  2.1

Action                   |  1- 3 |  4- 6 |  7- 9 || total
-------------------------+-------+-------+-------++-------
Melee: Falchion          |    65 |       |       ||    65
       Quarterstaff      |    33 |    70 |    43 ||   146
       Tailslap          |       |     8 |     3 ||    11
  Use: Scroll            |     4 |       |     9 ||    13
Armor: Leather armour    |    52 |     1 |       ||    53
       Ring mail         |       |    46 |    18 ||    64
Dodge: Dodged            |    71 |    36 |    22 ||   129

Table legend: (Time is in decaauts)
 A = Elapsed time spent in this place.
 B = Non-inter-level travel time spent in this place.
 C = Inter-level travel time spent in this place.
 D = Time resting spent in this place.
 E = Time spent auto-exploring this place.
 F = Levels seen in this place.
 G = Mean time per level.
                   A        B        C        D        E       F      G
               +--------+--------+--------+--------+--------+-----+--------+
         Total |   4148 |   3817 |    331 |    110 |   3061 |   5 |  829.6 |
       Dungeon |   4148 |   3817 |    331 |    110 |   3061 |   5 |  829.6 |
               +--------+--------+--------+--------+--------+-----+--------+

Top non-repeatable levels by time:
     D:4: 1439 daAuts
     D:2: 1336 daAuts
     D:3: 691 daAuts
     D:1: 662 daAuts
     D:5: 18 daAuts
